 Dungeon Crawl Stone Soup version 0.29.1-13-g9f3cf754e1 (webtiles) character file.

Game seed: 7945401265315708710

2790 jondo1214 the Cleaver (level 9, 0/75 HPs)
             Began as a Hill Orc Fighter on Jan 31, 2023.
             Was a Follower of Beogh.
             Slain by an orc
             ... wielding a +0 halberd
              (8 damage)
             ... in a bailey.
             The game lasted 00:20:45 (7284 turns).

jondo1214 the Cleaver (Hill Orc Fighter)            Turns: 7284, Time: 00:20:46

Health: 0/75       AC: 17    Str: 31    XL:     9   Next: 71%
Magic:  9/9        EV:  8    Int:  6    God:    Beogh [*.....]
Gold:   258        SH:  5    Dex:  8    Spells: 8/8 levels left

rFire   . . .      SeeInvis .   a - +0 war axe
rCold   . . .      Faith    .   c - +0 buckler
rNeg    . . .      Spirit   .   u - +0 plate armour
rPois   .          Reflect  .   m - +1 helmet
rElec   .          Harm     .   o - scarf {repulsion}
rCorr   .          Rampage  .   s - +0 pair of gloves
Will    .....                   (no boots)
Stlth   ..........              (no amulet)
HPRegen 0.22/turn               (no ring)
MPRegen 0.11/turn               (no ring)

@: repel missiles
A: talons 1, strong 2
a: Renounce Religion


You were in a bailey.
You worshipped Beogh.
Beogh was aware of your devotion.
You visited 1 branch of the dungeon, and saw 7 of its levels.
You also visited: Bailey.

You collected 384 gold pieces.
You spent 126 gold pieces at shops.

Inventory:

Hand Weapons
 a - a +0 war axe (weapon)
 p - a +0 battleaxe
 v - a +2 vorpal flail
 y - a +0 falchion
Missiles
 e - 29 poisoned darts (quivered)
Armour
 c - a +0 buckler (worn)
 m - a +1 helmet (worn)
 o - a scarf of repulsion (worn)
 q - a +0 pair of boots
 s - a +0 pair of gloves (worn)
 u - a +0 plate armour (worn)
Jewellery
 A - a ring of magical power
Wands
 b - a wand of flame (19)
 r - a wand of quicksilver (8)
 w - a wand of paralysis (12)
 x - a wand of iceblast (7)
Scrolls
 k - a scroll of amnesia
 l - a scroll of magic mapping
 n - 6 scrolls of teleportation
 B - a scroll of identify
Potions
 d - 3 potions of might
 f - a potion of invisibility
 g - a potion of flight
 h - a potion of mutation
 i - a potion of heal wounds
 j - a potion of lignification
 t - 2 potions of curing
 z - a potion of brilliance {unknown}


   Skills:
 * Level 6.0 Fighting
 * Level 10.2 Axes
 * Level 2.8 Throwing
 * Level 8.0 Armour
 + Level 1.5 Dodging
 + Level 1.5 Stealth
 * Level 6.0 Shields
 * Level 2.6 Evocations


You had 8 spell levels left.
You didn't know any spells.
Your spell library contained the following spells:

 Spells                   Type           Power      Damage    Failure   Level
 Slow                     Hex            0%         N/A       99%         1
 Call Canine Familiar     Summ           0%         N/A       100%        3
 Confusing Touch          Hex            0%         N/A       100%        3
 Portal Projectile        Hex/Tloc       0%         N/A       100%        3
 Vampiric Draining        Necr           0%         2d6       100%        3
 Leda's Liquefaction      Hex/Erth       0%         N/A       100%        4


Dungeon Overview and Level Annotations

Branches:
Dungeon (7/15)             Temple (0/1) D:4          Bailey (1/1)

Altars:

Shops:
D:3 ?   D:5 [


Innate Abilities, Weirdness & Mutations

You have sharp toenails.
Your muscles are very strong. (Str +8, Int/Dex -2)


Message History

The centaur barely misses you.
The centaur kicks you but does no damage.
You slash the centaur! Your kick misses the centaur.
The centaur is severely wounded.
The centaur barely misses you.
The centaur kicks you but does no damage.
The centaur barely misses you. The orc hits you but does no damage. x2
The orc barely misses you. You block the orc's attack.
The centaur throws a javelin.
The javelin pierces through you. The centaur hits you with a +0 halberd.
The centaur kicks you but does no damage.
The orc hits you from afar with a +0 halberd.
The orc hits you but does no damage. The orc closely misses you. x2
You hit the centaur. Your kick misses the centaur.
The centaur is severely wounded.
You block the centaur's attack.
The centaur kicks you but does no damage.
You block the centaur's attack.
You barely miss the centaur. You claw the centaur.
The centaur is severely wounded.
The centaur hits you with a +0 halberd! You block the centaur's attack.
The centaur barely misses you. The orc completely misses you.
The orc hits you but does no damage. You block the orc's attack.
The orc hits you but does no damage. The centaur hits you with a +0 halberd!
* * * LOW HITPOINT WARNING * * *
The centaur kicks you but does no damage.
The centaur throws a javelin.
The javelin pierces through you.
* * * LOW HITPOINT WARNING * * *
You slash the centaur!
You kill the centaur!
Beogh accepts your kill. You block the orc's attack.
The orc barely misses you. x2
The orc hits you but does no damage.
The centaur hits you but does no damage.
You block the orc's attack.
The orc hits you from afar with a +0 spear.
* * * LOW HITPOINT WARNING * * *
The orc hits you from afar with a +0 halberd!
You die...
Beogh appreciates the orc's killing of a heretic priest.

####+##########
#≈............#####
#≈...≈≈≈≈≈≈≈≈≈....##
#≈..≈≈.......≈≈≈oo.#
≈≈....≈≈≈≈≈≈≈oo≈≈oo#
≈...≈≈≈.....≈≈≈)≈≈o#
⌠..≈≈..≈≈≈≈≈.)≈≈@≈c##
$.≈≈.≈≈≈...≈≈≈.≈)≈≈o#
..≈.≈≈..⌠.⌠..≈.≈≈.≈.#
.o≈.....∩∩∩..≈....≈.#
..≈.≈≈..⌠.⌠..≈)≈≈.≈.#
$.≈≈.≈≈≈...≈≈≈.≈.≈≈.#
⌠..≈≈..≈≈≈≈≈..≈≈.≈.##
≈...≈≈≈....)≈≈≈.≈≈.#
≈≈....≈≈≈≈≈≈≈..≈≈..#


You could see a centaur and 8 orcs.

Vanquished Creatures
  The ghost of EmilyW the Covered, a novice MiFi of Nemelex Xobeh (D:6)
  Edmund (D:5)
  Duvessa (D:5)
  A water moccasin (D:5)
  2 sky beasts (D:7)
  An ice beast (D:5)
  2 black bears
  An orc warrior (D:7)
  2 ogres (D:5)
  2 centaurs
  A phantom (D:4)
  2 bullfrogs
  3 scorpions
  5 wights (D:7)
  Dowan (D:5)
  A jelly (D:4)
  8 hounds
  3 orc priests
  A gnoll bouda (D:5)
  2 iguanas
  3 orc wizards
  3 gnolls (D:5)
  5 adders
  2 shadow imps (D:6)
  2 white imps
  7 worms
  2 dart slugs
  7 orcs
  5 endoplasms
  4 giant cockroaches
  12 goblins
  6 hobgoblins
  8 ball pythons
  6 bats
  A frilled lizard (D:2)
  3 kobolds
  5 rats
122 creatures vanquished.

Vanquished Creatures (others)
  A gnoll (D:7)
  2 orcs (Bailey)
3 creatures vanquished.

Grand Total: 125 creatures vanquished

Notes
Turn   | Place    | Note
-------+----------+-------------------------------------------
     0 | D:1      | jondo1214 the Hill Orc Fighter began the quest for the Orb.
     0 | D:1      | Reached XP level 1. HP: 19/19 MP: 1/1
   108 | D:1      | Found a faded altar of an unknown god.
   374 | D:1      | Reached XP level 2. HP: 27/27 MP: 2/2
   443 | D:1      | Reached skill level 3 in Axes
   578 | D:1      | HP: 1/27 [poisoned by an adder]
   997 | D:2      | Reached XP level 3. HP: 33/33 MP: 3/3
  1629 | D:2      | Reached XP level 4. HP: 20/40 MP: 4/4
  1631 | D:2      | Reached skill level 4 in Axes
  2604 | D:3      | Found Notzoasi's Magic Scroll Shop.
  2612 | D:3      | Bought a scroll of magic mapping for 90 gold pieces
  2612 | D:3      | Bought a scroll of teleportation for 36 gold pieces
  3010 | D:4      | Reached XP level 5. HP: 41/46 MP: 5/5
  3047 | D:4      | Noticed a black bear
  3056 | D:4      | Killed a black bear
  3057 | D:4      | Reached skill level 5 in Axes
  3296 | D:4      | Reached skill level 1 in Dodging
  3296 | D:4      | Reached XP level 6. HP: 43/52 MP: 6/6
  3402 | D:4      | Reached skill level 1 in Throwing
  3663 | D:4      | Gained mutation: You have sharp toenails. [potion of
                  | mutation]
  3663 | D:4      | Gained mutation: Your muscles are strong. (Str +4, Int/Dex
                  | -1) [potion of mutation]
  3663 | D:4      | Gained mutation: Your muscles are very strong. (Str +8,
                  | Int/Dex -2) [potion of mutation]
  3725 | D:4      | Found a staircase to the Ecumenical Temple.
  3805 | D:4      | Reached skill level 6 in Axes
  4009 | D:5      | Entered Level 5 of the Dungeon
  4026 | D:5      | Reached skill level 5 in Armour
  4026 | D:5      | Reached XP level 7. HP: 60/60 MP: 7/7
  4334 | D:5      | Noticed Dowan
  4336 | D:5      | Noticed Duvessa
  4343 | D:5      | Killed Dowan
  4346 | D:5      | Killed Duvessa
  4499 | D:5      | Noticed Edmund
  4509 | D:5      | Killed Edmund
  4510 | D:5      | Reached skill level 7 in Axes
  4674 | D:5      | Found Ciemimel's Armour Shoppe.
  4683 | D:5      | Reached skill level 5 in Fighting
  4683 | D:5      | Reached XP level 8. HP: 31/68 MP: 8/8
  4957 | D:5      | Became a worshipper of Beogh the Brigand
  5278 | D:5      | Reached skill level 5 in Shields
  5662 | D:5      | Reached skill level 8 in Axes
  5662 | D:5      | Reached skill level 1 in Evocations
  5995 | D:6      | Reached skill level 1 in Stealth
  6088 | D:6      | Reached skill level 9 in Axes
  6226 | D:6      | Paralysed by an orc wizard for 3 turns
  6326 | D:6      | Found a large runed translucent door.
  6326 | D:6      | Found a large runed translucent door.
  6335 | D:6      | Noticed EmilyW's ghost (novice MiFi)
  6351 | D:6      | Killed EmilyW's ghost
  6352 | D:6      | Reached XP level 9. HP: 54/74 MP: 9/9
  6894 | D:7      | Reached * piety under Beogh
  6898 | D:7      | Reached skill level 10 in Axes
  6908 | D:7      | HP: 1/73 [wight/+2 halberd (9)]
  7036 | D:7      | Found a flagged portal.
  7250 | Bailey   | Entered a bailey
  7284 | Bailey   | Slain by an orc

Illustrated notes

Levels and vault maps discovered:
D:1:      dpeg_arrival_refuge, layout_rooms, hellmonk_ecumenical_altar_run_dry,
          grunt_decor_clamped
D:2:      layout_basic
D:3:      layout_loops_ring, serial_shops, shop
D:4:      layout_basic, minmay_temple_entry_trees
D:5:      layout_basic, serial_shops, nicolae_shop_crystal,
          kennysheep_cluttered_room, uniq_duvessa, uniq_edmund
D:6:      layout_loops_cross, ebering_ghost_disaster_area
D:7:      layout_basic, mainiacjoe_overflow_alcove_4, enter_bailey_5,
          kennysheep_nub, lemuel_flamethrower_1, uniq_joseph
Bailey:   bailey_polearm_flooded_kennysheep, bailey

Skill      XL: |  1  2  3  4  5  6  7  8  9 |
---------------+----------------------------+-----
Axes           | 3 4 5 6 7 9 10 | 10.2
Armour         | 4 5 6 7 8 |  8.0
Fighting       | 4 5 6 |  6.0
Shields        | 4 5 6 |  6.0
Dodging        | 1 |  1.5
Throwing       | 1 2 |  2.8
Evocations     | 1 2 |  2.6
Stealth        | 1 |  1.5

Action                   |  1- 3 |  4- 6 |  7- 9 || total
-------------------------+-------+-------+-------++-------
Melee: War axe           |   107 |   115 |   202 ||   424
       Kick              |       |     3 |    53 ||    56
Throw: Dart              |       |     1 |     1 ||     2
Invok: Convert to Beogh  |       |       |     1 ||     1
  Use: Scroll            |     5 |     5 |     4 ||    14
       Potion            |       |     1 |     6 ||     7
Armor: Scale mail        |    54 |    50 |     4 ||   108
       Plate armour      |       |       |   183 ||   183
Dodge: Dodged            |    54 |    52 |   119 ||   225
       Repelled          |       |       |     4 ||     4
Block: Buckler           |    31 |    23 |    63 ||   117
